 Dungeon Crawl Stone Soup version 0.30-a0-737-gf23d94013f (webtiles) character file.

Game seed: 15803024961943807515

603 sircluck the Chopper (level 7, -2/60 HPs)
             Began as a Hill Orc Fighter on Feb 1, 2023.
             Slain by a gnoll
             ... wielding a +0 spear
              (4 damage)
             ... on level 4 of the Dungeon.
             The game lasted 00:12:12 (4281 turns).

sircluck the Chopper (Hill Orc Fighter)             Turns: 4281, Time: 00:12:12

Health: -2/60      AC: 12    Str: 27    XL:     7   Next: 42%
Magic:  7/7        EV:  8    Int:  8    God:
Gold:   282        SH:  4    Dex:  8    Spells: 6/6 levels left

rFire   . . .      SeeInvis .    a - +0 war axe
rCold   . . .      Faith    .    c - +0 buckler
rNeg    . . .      Spirit   .    o - +0 chain mail
rPois   .          Reflect  .    g - +1 helmet
rElec   .          Harm     .    (no cloak)
rCorr   .          Rampage  .    (no gloves)
Will    .....                    (no boots) Stlth
                                 n - amulet of magic regeneration
HPRegen 0.30/turn                e - +6 ring of strength
MPRegen 0.50/turn                (no ring)

@: no status effects
A: clumsy 1, evolution 1, inability to read after injury 1
a: no special abilities


You were on level 4 of the Dungeon.
You visited 1 branch of the dungeon, and saw 4 of its levels.

You collected 282 gold pieces.

Inventory:

Hand Weapons
 a - a +0 war axe (weapon)
 i - a +0 sling
 v - the +3 whip of the Asp {protect, rF- Will+ Int-2 Dex+6}
   (You found it on level 3 of the Dungeon)

   Int:       It affects your intelligence (-2).
   Dex:       It affects your dexterity (+6).
   rF:        It makes you vulnerable to fire.
   Will:      It increases your willpower.
 w - a +2 short sword of venom
 E - a +5 club
Missiles
 m - 31 stones (quivered)
 z - 3 boomerangs
Armour
 b - a +0 scale mail
 c - a +0 buckler (worn)
 g - a +1 helmet (worn)
 o - a +0 chain mail (worn)
 y - a +3 leather armour
 F - a +0 animal skin
 G - the +1 helmet of Negligence {rF+ rC+ Str-5}
   (You took it off Robin on level 4 of the Dungeon)

   Str:       It affects your strength (-5).
   rF:        It protects you from fire.
   rC:        It protects you from cold.
Jewellery
 e - a +6 ring of strength (left hand)
 n - an amulet of magic regeneration (around neck)
 p - a ring of ice
Wands
 x - a wand of charming (3)
Scrolls
 f - 2 scrolls of teleportation {unknown}
 h - 5 scrolls of identify {unknown}
 j - a scroll of poison {unknown}
 k - 2 scrolls of immolation {unknown}
 l - a scroll of magic mapping {unknown}
 q - 3 scrolls of enchant armour {unknown}
 r - 2 scrolls of blinking {unknown}
 u - a scroll of enchant weapon {unknown}
 A - a scroll of vulnerability {unknown}
 B - a scroll of amnesia {unknown}
 C - 3 scrolls of fog {unknown}
Potions
 d - a potion of might
 s - a potion of degeneration {unknown}
 t - a potion of experience {unknown}
 D - 2 potions of invisibility {unknown}
 H - 2 potions of curing


   Skills:
 + Level 4.9 Fighting
 + Level 7.4 Axes
 + Level 5.1 Armour
 + Level 0.6 Dodging
 + Level 0.5 Stealth
 + Level 4.5 Shields


You had 6 spell levels left.
You didn't know any spells.
Your spell library contained the following spells:

 Spells                   Type           Power      Damage    Failure   Level
 Apportation              Tloc           0%         N/A       97%         1
 Necrotise                Necr           0%         1d4       97%         1
 Summon Small Mammal      Summ           0%         N/A       97%         1
 Cigotuvi's Dreadful Rot  Necr/Pois/Air  0%         N/A       99%         2
 Poisonous Vapours        Pois/Air       0%         N/A       99%         2
 Mephitic Cloud           Conj/Pois/Air  0%         N/A       100%        3


Dungeon Overview and Level Annotations

Branches:
Dungeon (4/15)
 Temple: D:4-7

Altars:
Ru

Annotations:
D:4 1 runed translucent door, Crazy Yiuf


Innate Abilities, Weirdness & Mutations

You are clumsy. (Dex -2)
You have hidden genetic potential.
You occasionally lose the ability to read scrolls when taking damage.


Message History

You barely miss the adder.
The adder is heavily wounded.
You hit the gnoll but do no damage. You hit the gnoll.
You kill the gnoll!
You feel sick. You block the adder's attack.
The gnoll hits you but does no damage. You block the gnoll's attack.
The adder bites you but does no damage.
You miss the adder.
The adder is heavily wounded.
You slash the gnoll!
You kill the gnoll!
You feel sick. You block the adder's attack. You block the gnoll's attack.
You barely miss the adder.
The adder is heavily wounded.
You feel sick. You block the adder's attack.
The gnoll hits you but does no damage. The adder barely misses you.
You hit the adder.
The adder is almost dead.
You feel sick.
You are no longer poisoned.
The gnoll hits you but does no damage. You block the adder's attack.
You slash the adder!
You kill the adder!
The gnoll hits you from afar with a +0 spear.
* * * LOW HITPOINT WARNING * * *
The gnoll hits you but does no damage.
Things that are here:
a +0 flail; an adder corpse; a gnoll corpse You block the gnoll's attack.
You see here a +2 flail of venom.
You barely miss the gnoll. The gnoll hits you with a +0 spear.
* * * LOW HITPOINT WARNING * * *
The gnoll hits you with a +0 spear.
* * * LOW HITPOINT WARNING * * *
The gnoll hits you with a +0 spear!
* * * LOW HITPOINT WARNING * * *
Things that are here:
a +0 whip; a throwing net; a gnoll corpse The gnoll attacks as you move away!
The gnoll hits you with a +0 spear.
You die...

#.# ##.## ###.###
....# ......# #...#
###.#.# ####...####
##.#..######.........#
..# #......#.........#
.## ##.##..#.........#
#.###.###..# #))g#
.).#..###..####.@.#
..................#
....#.###.............
......# #.######.#####
..)...###.######.#
.†...............#
..#######.########
..... ..# ##### ####


You could see a gnoll.

Vanquished Creatures
  Edmund (D:4)
  2 hounds
  A jelly (D:1)
  An orc priest (D:4)
  Natasha (thrice) (D:3)
  2 orc wizards
  Robin (D:4)
  6 gnolls (D:4)
  6 adders
  A worm (D:1)
  4 dart slugs
  12 orcs
  10 endoplasms
  12 giant cockroaches
  12 goblins
  5 hobgoblins
  7 jackals
  6 kobolds
  2 quokkas
  4 ball pythons
  6 bats
  5 frilled lizards
  8 rats
117 creatures vanquished.

Notes
Turn   | Place    | Note
-------+----------+-------------------------------------------
     0 | D:1      | sircluck the Hill Orc Fighter began the quest for the Orb.
     0 | D:1      | Reached XP level 1. HP: 19/19 MP: 1/1
     1 | D:1      | Found a runed translucent door.
     2 | D:1      | Noticed a jelly
   217 | D:1      | Reached XP level 2. HP: 27/27 MP: 2/2
   315 | D:1      | Reached skill level 3 in Axes
   475 | D:1      | Found a faded altar of an unknown god.
   955 | D:1      | Reached XP level 3. HP: 22/33 MP: 3/3
   960 | D:1      | Reached skill level 4 in Axes
  1007 | D:1      | Reached XP level 4. HP: 15/40 MP: 4/4
  1009 | D:1      | HP: 1/40 [frozen (5)]
  1880 | D:2      | Found a sacrificial altar of Ru.
  2008 | D:3      | Identified the +3 whip of the Asp {protect, rF- Will+ Int-2
                  | Dex+6}
  2113 | D:3      | Reached skill level 5 in Axes
  2113 | D:3      | Reached XP level 5. HP: 44/47 MP: 5/5
  2232 | D:3      | Noticed Natasha
  2242 | D:3      | Killed Natasha
  2342 | D:3      | Noticed Natasha
  2357 | D:3      | Killed Natasha
  2358 | D:3      | Reached XP level 6. HP: 35/53 MP: 6/6
  2438 | D:3      | Noticed Natasha
  2450 | D:3      | Killed Natasha
  2848 | D:4      | Reached skill level 6 in Axes
  2873 | D:4      | Gained mutation: You are weak. (Str -2) [potion of
                  | mutation]
  2873 | D:4      | Gained mutation: You are clumsy. (Dex -2) [potion of
                  | mutation]
  2873 | D:4      | Gained mutation: You occasionally lose the ability to read
                  | scrolls when taking damage. [potion of mutation]
  2873 | D:4      | Gained mutation: You have hidden genetic potential. [potion
                  | of mutation]
  3583 | D:4      | Noticed Edmund
  3602 | D:4      | Killed Edmund
  3603 | D:4      | Reached skill level 7 in Axes
  3603 | D:4      | Reached XP level 7. HP: 24/60 MP: 7/7
  3613 | D:4      | Lost mutation: You are weak. (Str -2) [hidden potential]
  3757 | D:4      | Found a runed translucent door.
  3758 | D:4      | Noticed Crazy Yiuf
  3973 | D:4      | Identified the +1 helmet of Negligence {rF+ rC+ Str-5}
  3973 | D:4      | Noticed Robin
  3981 | D:4      | Killed Robin
  4271 | D:4      | Reached skill level 5 in Armour
  4280 | D:4      | HP: 2/60 [gnoll/+0 spear (7)]
  4281 | D:4      | Slain by a gnoll

Illustrated notes

Levels and vault maps discovered:
D:1:      dpeg_arrival_caged_fury, layout_basic, ebering_ecumenical_altar_hall,
          grunt_decor_clamped
D:2:      layout_rooms, basic_altar, minmay_stone_trees_medium, minmay_cupped
D:3:      layout_rooms, kennysheep_minor_cross, fountainhead, uniq_natasha
D:4:      layout_loops_ring, temple_green, minmay_starry_boxes, uniq_robin,
          uniq_crazy_yiuf_cottage, uniq_edmund

Skill      XL: |  1  2  3  4  5  6  7 |
---------------+----------------------+-----
Axes           | 3 4 5 7 |  7.4
Fighting       | 4 |  4.9
Shields        | 4 |  4.5
Armour         | 4 5 |  5.1
Dodging        | |  0.6
Stealth        | |  0.5

Action                     |  1- 3 |  4- 6 |  7- 9 || total
---------------------------+-------+-------+-------++-------
  Melee: War axe           |    82 |   197 |    57 ||   336
    Use: Potion            |       |     3 |       ||     3
 Armour: Scale mail        |    60 |    18 |       ||    78
         Chain mail        |       |   120 |    38 ||   158
  Dodge: Dodged            |    41 |   115 |    30 ||   186
  Block: Buckler           |    15 |    44 |    21 ||    80

Table legend: (Time is in decaauts)
 A = Elapsed time spent in this place.
 B = Non-inter-level travel time spent in this place.
 C = Inter-level travel time spent in this place.
 D = Time resting spent in this place.
 E = Time spent auto-exploring this place.
 F = Levels seen in this place.
 G = Mean time per level.
                   A        B        C        D        E       F      G
               +--------+--------+--------+--------+--------+-----+--------+
         Total |   4377 |   4202 |    175 |   1018 |   1024 |   4 | 1094.2 |
       Dungeon |   4377 |   4202 |    175 |   1018 |   1024 |   4 | 1094.2 |
               +--------+--------+--------+--------+--------+-----+--------+

Top non-repeatable levels by time:
     D:4: 1463 daAuts
     D:1: 1389 daAuts
     D:3: 877 daAuts
     D:2: 646 daAuts
